 Dungeon Crawl Stone Soup version 0.28-a0-1033-g1a2f33fa85 (webtiles) character file.

Game seed: 14418764927502558466

954 tilp the Frost Mage (level 7, 30/30 HPs)
             Began as a Felid Ice Elementalist on Dec 7, 2021.
             Was a Believer of Ru.
             Quit the game on level 7 of the Dungeon.
             The game lasted 00:16:11 (11795 turns).

tilp the Frost Mage (Felid Ice Elementalist)       Turns: 11795, Time: 00:16:12

Health: 30/30      AC:  2    Str: 10    XL:     7   Next: 90%
Magic:  16/16      EV: 18    Int: 21    God:    Ru [**....]
Gold:   397        SH:  0    Dex: 16    Spells: 6/17 levels left
                                        Lives:  0   Deaths: 2

rFire   . . .      SeeInvis +     - Unarmed
rCold   + . .      Faith    .   (shield unavailable)
rNeg    . . .      Spirit   .   (armour unavailable)
rPois   .          Reflect  .   (helmet unavailable)
rElec   .          Harm     .   (cloak unavailable)
rCorr   .          Rampage  .   (gloves unavailable)
Will    +....                   (boots unavailable)
Stlth   +++.......              (no amulet)
HPRegen 0.10/turn               h - ring of protection from cold
MPRegen 0.15/turn               n - +6 ring of strength

@: studying Summonings, quick
A: very small, claws 1, fangs 3, see invisible, speed 1, shaggy fur 2, hated by
all, stealthy paws, no weapons or thrown items, no armour, multi-lived
a: Renounce Religion


You were on level 7 of the Dungeon.
You worshipped Ru.
Ru was pleased with you.
You visited 2 branches of the dungeon, and saw 8 of its levels.

You collected 397 gold pieces.

Inventory:

Jewellery
 h - a ring of protection from cold (left paw)
 n - a +6 ring of strength (right paw)
 q - a ring of wizardry
Wands
 b - a wand of polymorph (5)
Scrolls
 a - 5 scrolls of fear
 d - 2 scrolls of identify
 e - 3 scrolls of teleportation
 f - a scroll of immolation {unknown}
 i - a scroll of amnesia
 l - a scroll of enchant armour {unknown}
 m - a scroll of torment {unknown}
Potions
 c - 2 potions of flight
 g - 3 potions of mutation
 j - a potion of degeneration {unknown}
 k - a potion of heal wounds {unknown}
 o - a potion of haste
 p - 2 potions of might


   Skills:
 - Level 2.0 Fighting
 - Level 4.0 Dodging
 - Level 6.0 Stealth
 - Level 4.0 Unarmed Combat
 + Level 5.7 Spellcasting
 * Level 5.4 Conjurations
 - Level 8.0 Ice Magic


You had 6 spell levels left.
You knew the following spells:

 Your Spells              Type           Power      Damage    Failure   Level
a - Freeze                Ice            100%       1d11      1%          1
b - Frozen Ramparts       Ice            78%        1d9       1%          3
c - Ozocubu's Armour      Ice            39%        N/A       1%          3
d - Hailstorm             Conj/Ice       34%        3d9       6%          4

Your spell library contained the following spells:

 Spells                   Type           Power      Damage    Failure   Level
 Sandblast                Erth           12%        2d6       10%         1
 Sting                    Tmut/Pois      24%        1d4       10%         1
 Stone Arrow              Conj/Erth      34%        3d9       10%         3
 Passwall                 Tmut/Erth      5%         N/A       16%         2
 Poisonous Vapours        Pois/Air       12%        N/A       16%         2
 Sublimation of Blood     Necr           6%         N/A       16%         2
 Swiftness                Air            6%         N/A       30%         3
 Irradiate                Conj/Tmut      8%         3d16      67%         5
 Olgreb's Toxic Radiance  Pois           6%         N/A       69%         4
 Petrify                  Tmut/Erth      6%         N/A       69%         4


Dungeon Overview and Level Annotations

Branches:
Dungeon (7/15)             Temple (1/1) D:5

Altars:
Ashenzari
Cheibriados
Dithmenos
Elyvilon
Fedhas
Gozag
Hepliaklqana
Kikubaaqudgha
Makhleb
Nemelex Xobeh
Okawaru
Qazlal
Ru
Sif Muna
Trog
Uskayaw
Vehumet
Wu Jian
Xom
Yredelemnul
Zin
The Shining One

Shops:
D:6 *

Annotations:
D:2 Jessica
D:3 3 runed translucent doors, Athor's ghost, amateur VSBr
D:5 1 runed translucent door, ThreePoint314's ghost, amateur DsCK
D:7 4 runed translucent doors


Innate Abilities, Weirdness & Mutations

You have sharp claws.
You have razor-sharp teeth.
You have supernaturally acute eyesight. (SInv)
You cover ground quickly. (Speed+)
You are covered in thick fur. (AC +2)
You are hated by all.
Your paws help you pounce on unaware monsters.
You are incapable of wielding weapons or throwing items.
You cannot wear armour.
You gain extra lives every three experience levels.


Message History

The poisoned dart misses you.
The wall freezes the kobold brigand!
You start resting.
A kobold brigand is nearby!
A kobold brigand is nearby!
A kobold brigand is nearby!
Casting: Ozocubu's Armour (safe; 1% risk of failure)
Confirm with . or Enter, or press ? or * to list all spells.
Aiming: Freeze (safe; 1% risk of failure)
Press: ? - help, Shift-Dir - straight line, f - kobold brigand
Aim: a kobold brigand, wielding a +0 dagger and quivering poisoned darts (almost dead)
You freeze the kobold brigand.
You kill the kobold brigand!
Unknown command.
The frozen ramparts melt away.
A gargoyle comes into view. It is wielding a +0 flail.
A gargoyle is nearby!
Unknown command.
Okay, then.
You scratch the gargoyle.
The gargoyle is lightly damaged.
The gargoyle hurls a stone arrow at you.
The stone arrow misses you.
You scratch the gargoyle but do no damage.
You claw the gargoyle, but do no damage.
Your bite misses the gargoyle.
The gargoyle is lightly damaged.
The gargoyle hurls a stone arrow at you.
The stone arrow hits you!!
Ouch! That really hurt!
* * * LOW HITPOINT WARNING * * *
You scratch the gargoyle.
The gargoyle is lightly damaged.
The gargoyle hits you with a +0 flail!
You die...
You are now level 7!
You rejoin the land of the living...
Unknown command.
Unknown command.
Are you sure you want to abandon this character and quit the game? (Confirm with "yes".)

#.##...### #.#.##.#.####
#.#.#.##.# ##)#.#.#.#####
#.#.##.#.# ###.#.......# ##
#.#.#.##.# #.#...###.#
.####.#.###..# #†#...##
......##....####...9##....#
.###...######..######.....#
## ###.....)..........#.###
# ##..######.@####.#... #
#.######..## #.##### #
####........## #.#
#.......###.# #.#
####.#####.# #.# #.#
##.....###'###.# #.#
##.#.###≈≈.≈≈### #.#
.<....#≈≈≈.≈≈≈#
......#≈≈...≈≈#


There were no monsters in sight!

Vanquished Creatures
  Maggie (D:7)
  A wyvern (D:7)
  A vampire mosquito (D:7)
  A water moccasin (D:6)
  3 orc warriors (D:7)
  2 ice beasts
  2 sky beasts
  A kobold brigand (D:7)
  3 bullfrogs
  4 scorpions
  5 killer bees
  2 howler monkeys
  7 orc priests (D:7)
  A hound (D:4)
  A bullfrog skeleton (D:7)
  2 centaur skeletons (D:7)
  A gnoll shaman (D:6)
  2 iguanas
  A jelly (D:7)
  3 orc wizards
  A hound zombie (D:5)
  A howler monkey zombie (D:5)
  7 adders
  6 gnolls
  A shadow imp (D:7)
  3 white imps
  An ufetubus (D:4)
  2 adder skeletons
  3 worms
  4 dart slugs
  19 orcs
  6 endoplasms
  3 giant cockroaches
  5 goblins
  11 hobgoblins
  7 jackals (D:3)
  6 quokkas
  8 ball pythons
  6 bats
  5 frilled lizards
  6 kobolds
  6 rats
161 creatures vanquished.

Vanquished Creatures (others)
  4 plants (D:3)
4 creatures vanquished.

Grand Total: 165 creatures vanquished

Notes
Turn   | Place    | Note
-------+----------+-------------------------------------------
     0 | D:1      | tilp the Felid Ice Elementalist began the quest for the
                  | Orb.
     0 | D:1      | Reached XP level 1. HP: 7/7 MP: 4/4
   105 | D:1      | Reached skill level 1 in Unarmed Combat
   168 | D:1      | Reached XP level 2. HP: 11/11 MP: 0/6
   489 | D:1      | Found a faded altar of an unknown god.
   528 | D:1      | You fall into a shaft and drop 1 floor!
  1343 | D:1      | Reached XP level 3. HP: 14/14 MP: 5/7
  1347 | D:1      | Learned a level 3 spell: Frozen Ramparts
  1685 | D:2      | Reached skill level 4 in Ice Magic
  2081 | D:2      | Noticed Jessica
  2887 | D:3      | Noticed a phantom
  3085 | D:3      | Reached XP level 4. HP: 18/18 MP: 6/8
  3092 | D:3      | Learned a level 3 spell: Ozocubu's Armour
  3465 | D:3      | Found a runed translucent gate.
  3465 | D:3      | Found a runed translucent gate.
  3465 | D:3      | Found a runed translucent gate.
  3468 | D:3      | Noticed Athor's ghost (amateur VSBr)
  3789 | D:3      | Noticed a kobold brigand
  4551 | D:4      | Reached XP level 5. HP: 21/21 MP: 1/10
  4684 | D:4      | Reached skill level 5 in Ice Magic
  5319 | D:4      | Found a white marble altar of Elyvilon.
  5375 | D:4      | Gained mutation: You are covered in thick fur. (AC +2)
                  | [Felid growth]
  5375 | D:4      | Reached XP level 6. HP: 21/24 MP: 10/12
  5869 | D:5      | Entered Level 5 of the Dungeon
  5924 | D:5      | Noticed a sky beast
  5933 | D:5      | Killed a sky beast
  6081 | D:5      | Found a staircase to the Ecumenical Temple.
  6114 | Temple   | Entered the Ecumenical Temple
  6340 | Temple   | Became a worshipper of Ru the Awakened
  6450 | D:5      | Reached skill level 6 in Ice Magic
  6552 | D:5      | Reached skill level 1 in Fighting
  6790 | D:5      | Found a broken altar of Ashenzari.
  7012 | D:5      | Found a runed translucent door.
  7034 | D:5      | Reached XP level 7. HP: 23/30 MP: 4/14
  7110 | D:5      | Noticed ThreePoint314's ghost (amateur DsCK)
  7539 | D:6      | Gained mutation: You are hated by all. [Ru sacrifice]
  7539 | D:6      | Reached * piety under Ru
  7539 | D:6      | Reached ** piety under Ru
  8172 | D:6      | Found the +3 warlock's mirror {reflect}
  8220 | D:6      | Reached skill level 5 in Stealth
  8251 | D:6      | Learned a level 4 spell: Hailstorm
  8665 | D:6      | Found Teithriff's Elemental Accessories.
  8712 | D:6      | Reached XP level 8. HP: 33/33 MP: 8/15
  9047 | D:6      | Reached skill level 1 in Conjurations
  9808 | D:7      | Noticed Maggie
  9820 | D:7      | Killed Maggie
  9821 | D:7      | Reached skill level 7 in Ice Magic
 10464 | D:7      | Reached skill level 5 in Spellcasting
 10547 | D:7      | Found a shimmering blue altar of Sif Muna.
 10581 | D:7      | Found a large runed translucent door.
 10591 | D:7      | Found a large runed translucent door.
 10595 | D:7      | Noticed a cyclops
 10596 | D:7      | Noticed a gargoyle
 10604 | D:7      | Found a large runed translucent door.
 10604 | D:7      | Found a large runed translucent door.
 10631 | D:7      | Reached XP level 9. HP: 36/36 MP: 17/17
 10891 | D:7      | Slain by a vampire mosquito
 10892 | D:7      | Reached XP level 8. HP: -4/33 MP: 15/16
 11300 | D:7      | Found a stormy altar of Qazlal.
 11300 | D:7      | Found a burning altar of Makhleb.
 11300 | D:7      | Found a shimmering altar of Xom.
 11581 | D:7      | Reached skill level 5 in Conjurations
 11581 | D:7      | Reached skill level 8 in Ice Magic
 11791 | D:7      | Noticed a gargoyle
 11794 | D:7      | Slain by a gargoyle
 11795 | D:7      | Reached XP level 7. HP: -2/30 MP: 14/16
 11795 | D:7      | Quit the game

Illustrated notes

Levels and vault maps discovered:
D:1:      sevenhm_arrival_forest_fort_large_3, layout_basic,
          ebering_ecumenical_altar_mist, hangedman_decor_riveting,
          minmay_tromino_i2
D:2:      layout_basic, uniq_jessica
D:3:      layout_basic, gammafunk_ghost_nasty_kobolds
D:4:      layout_basic, mainiacjoe_overflow_small_starburst, minmay_manual_maat
D:5:      layout_gridville, amcnicky_altar_gilded, temple_doors_e,
          ebering_ghost_sewer_d
D:6:      layout_layer_cave, nicolae_elemental_shop, grunt_decor_cap,
          minmay_strange_pillars
D:7:      layout_loops_cross, grunt_temple_overflow_cloverleaf, led_sif_pool,
          kennysheep_cross_bottleneck, minmay_hollow_rounded_squares,
          uniq_maggie
Temple:   regret_index_temple_generic_petals

Skill      XL: |  1  2  3  4  5  6  7  8  9 |
---------------+----------------------------+-----
Unarmed Combat | 1 2 4 |  4.0
Ice Magic      | 4 5 6 8 |  8.0
Spellcasting   | 3 4 5 |  5.7
Fighting       | 2 |  2.0
Dodging        | 3 4 |  4.0
Stealth        | 3 6 |  6.0
Conjurations   | 5 4 |  5.4

Action                   |  1- 3 |  4- 6 |  7- 9 || total
-------------------------+-------+-------+-------++-------
Melee: Unarmed           |    22 |    68 |   100 ||   190
       Punch             |       |     1 |     1 ||     2
       Bite              |       |     4 |    11 ||    15
 Cast: Freeze            |    44 |    50 |    47 ||   141
       Frozen Ramparts   |     3 |    18 |    20 ||    41
       Ozocubu's Armour  |       |    11 |    18 ||    29
       Hailstorm         |       |       |     3 ||     3
Invok: Sacrifice Love    |       |       |     1 ||     1
Evoke: Wand              |       |       |     2 ||     2
  Use: Scroll            |     3 |     5 |     4 ||    12
       Potion            |       |     2 |     3 ||     5
 Stab: Sleeping          |    10 |     5 |    11 ||    26
Armor: Skin              |     2 |    15 |    29 ||    46
Dodge: Dodged            |    38 |    86 |    92 ||   216

Table legend: (Time is in decaauts)
 A = Elapsed time spent in this place.
 B = Non-inter-level travel time spent in this place.
 C = Inter-level travel time spent in this place.
 D = Time resting spent in this place.
 E = Time spent auto-exploring this place.
 F = Levels seen in this place.
 G = Mean time per level.
                   A        B        C        D        E       F      G
               +--------+--------+--------+--------+--------+-----+--------+
         Total |  10605 |  10112 |    493 |   3312 |   5413 |   8 | 1325.6 |
       Dungeon |  10403 |   9953 |    450 |   3312 |   5259 |   7 | 1486.1 |
        Temple |    201 |    159 |     42 |      0 |    154 |   1 |  201.0 |
               +--------+--------+--------+--------+--------+-----+--------+

Top non-repeatable levels by time:
     D:7: 2099 daAuts
     D:6: 1964 daAuts
     D:1: 1385 daAuts
     D:3: 1365 daAuts
     D:2: 1345 daAuts
     D:4: 1131 daAuts
     D:5: 1111 daAuts
  Temple: 201 daAuts
